 Dungeon Crawl Stone Soup version 0.28.0-1-gb440e238dd (webtiles) character file.

Game seed: 1366338913201873080

79 fragbeetle the Bolt Thrower (level 4, 0/37 HPs)
             Began as a Minotaur Hunter on Feb 24, 2022.
             Slain by a centaur (1 damage)
             ... on level 3 of the Dungeon.
             The game lasted 00:03:54 (2527 turns).

fragbeetle the Bolt Thrower (Minotaur Hunter)       Turns: 2527, Time: 00:03:54

Health: 0/37       AC:  4    Str: 16    XL:     4   Next: 16%
Magic:  3/3        EV: 12    Int:  8    God:
Gold:   106        SH:  0    Dex: 13    Spells: 2/3 levels left

rFire   . . .      SeeInvis .   b - +2 halberd (vorpal)
rCold   . . .      Faith    .   (shield currently unavailable)
rNeg    . . .      Spirit   .   c - +0 leather armour
rPois   .          Reflect  .   (helmet restricted)
rElec   .          Harm     .   (no cloak)
rCorr   .          Rampage  .   (no gloves)
Will    .....                   l - +0 pair of boots
Stlth   +.........              (no amulet)
HPRegen 0.12/turn               (no ring)
MPRegen 0.08/turn               (no ring)

@: no status effects
A: horns 2, retaliatory headbutt
a: no special abilities


You were on level 3 of the Dungeon.
You visited 1 branch of the dungeon, and saw 3 of its levels.

You collected 106 gold pieces.

Inventory:

Hand Weapons
 a - a +1 hand crossbow
 b - a +2 vorpal halberd (weapon)
 q - a +0 short sword
Missiles
 d - 18 bolts
Armour
 c - a +0 leather armour (worn)
 l - a +0 pair of boots (worn)
 p - a +0 kite shield
Scrolls
 e - a scroll of noise {unknown}
 f - 2 scrolls of fog {unknown}
 k - a scroll of teleportation {unknown}
 m - a scroll of silence {unknown}
 n - a scroll of enchant weapon {unknown}
Potions
 g - a potion of cancellation {unknown}
 h - a potion of heal wounds {unknown}
 i - a potion of attraction {unknown}
 j - a potion of lignification {unknown}
 o - a potion of mutation {unknown}


   Skills:
 - Level 2.4 Fighting
 + Level 0.1 Polearms
 - Level 6.3 Crossbows
 - Level 2.1 Dodging
 - Level 0.7 Stealth


You had 2 spell levels left.
You knew the following spells:

 Your Spells              Type           Power      Damage    Failure   Level
a - Apportation           Tloc           0%         N/A       47%         1

Your spell library contained the following spells:

 Spells                   Type           Power      Damage    Failure   Level
 Animate Skeleton         Necr           0%         N/A       47%         1
 Freeze                   Ice            0%         1d3       47%         1
 Summon Small Mammal      Summ           0%         N/A       47%         1
 Ensorcelled Hibernation  Hex/Ice        0%         N/A       63%         2
 Frozen Ramparts          Ice            0%         1d2       85%         3
 Spider Form              Tmut/Pois      0%         N/A       85%         3
 Anguish                  Hex/Necr       0%         N/A       99%         4
 Hailstorm                Conj/Ice       0%         3d3       99%         4


Dungeon Overview and Level Annotations

Branches:
Dungeon (3/15)

Altars:

Annotations:
D:2 Sigmund, Terence


Innate Abilities, Weirdness & Mutations

You have a pair of horns on your head.
You reflexively headbutt those who attack you in melee.


Message History

The centaur shoots an arrow.
The arrow hits you.
The centaur shoots an arrow.
The arrow closely misses you.
The centaur shoots an arrow.
The arrow closely misses you.
The centaur shoots an arrow.
The arrow barely misses you.
The centaur shoots an arrow.
The arrow hits you.
The centaur unwields a +0 shortbow.
The centaur hits you but does no damage.
The centaur kicks you but does no damage.
A gnoll comes into view. It is wielding a +0 spear.
The centaur hits you.
* * * LOW HITPOINT WARNING * * *
The centaur barely misses you.
You closely miss the centaur.
The centaur hits you but does no damage.
The centaur closely misses you. The goblin barely misses you.
The centaur misses you. You furiously retaliate!
You headbutt the centaur! The centaur completely misses you.
You puncture the centaur!
You headbutt the centaur, but do no damage.
The centaur is almost dead.
The centaur hits you.
* * * LOW HITPOINT WARNING * * *
The centaur kicks you.
* * * LOW HITPOINT WARNING * * *
The goblin barely misses you. The centaur hits you.
* * * LOW HITPOINT WARNING * * *
The centaur kicks you.
* * * LOW HITPOINT WARNING * * *
The goblin hits you with a +0 club.
* * * LOW HITPOINT WARNING * * *
You hit the centaur but do no damage.
The centaur is almost dead.
The centaur closely misses you.
The centaur kicks you but does no damage.
The centaur closely misses you. You furiously retaliate!
You headbutt the centaur. The centaur misses you.
The goblin hits you with a +0 club.
* * * LOW HITPOINT WARNING * * *
The centaur hits you.
You die...

#...# #..
#####...########
#..# ..
...............#
#.^###....
...............#
#..#!.....
...#######.....#
#......... .##
###.######.........
##.####....#.≈...≈
#..##...##..≈#≈.≈#
+..@g........≈...≈
####c#####?≈g..≈..
#..g...#.≈#≈.≈#≈.
#.#.##.#..≈c..≈..
#.#.# .≈...≈...≈ .
... .≈#≈.≈#≈.≈# ..
#..#..≈...≈...≈ ..
#..#.#..≈..$≈.. .o#
..)..#.≈#≈.≈#≈.


You could see a centaur, a gnoll and a goblin.

Vanquished Creatures
  3 gnolls (D:2)
  An adder (D:2)
  A worm (D:2)
  5 bats
  An endoplasm (D:2)
  5 goblins
  3 hobgoblins (D:1)
  4 jackals (D:1)
  4 kobolds
  A quokka (D:1)
  A ball python (D:1)
  5 frilled lizards
  2 rats
36 creatures vanquished.

Vanquished Creatures (others)
  A withered plant (D:2)
1 creature vanquished.

Grand Total: 37 creatures vanquished

Notes
Turn   | Place    | Note
-------+----------+-------------------------------------------
     0 | D:1      | fragbeetle the Minotaur Hunter began the quest for the Orb.
     0 | D:1      | Reached XP level 1. HP: 18/18 MP: 0/0
    80 | D:1      | Reached XP level 2. HP: 5/25 MP: 1/1
   365 | D:1      | Reached skill level 5 in Crossbows
   613 | D:1      | You fall into a shaft and drop 1 floor!
   657 | D:2      | Noticed Terence
   709 | D:2      | Found a faded altar of an unknown god.
  1408 | D:2      | Reached XP level 3. HP: 30/30 MP: 2/2
  1612 | D:2      | Learned a level 1 spell: Apportation
  1813 | D:2      | Reached skill level 6 in Crossbows
  1820 | D:2      | Reached XP level 4. HP: 18/37 MP: 3/3
  2187 | D:2      | Noticed Sigmund
  2509 | D:3      | Noticed a centaur
  2527 | D:3      | HP: 1/37 [goblin (3)]
  2527 | D:3      | Slain by a centaur

Illustrated notes

Levels and vault maps discovered:
D:1:      minmay_arrival_radiant_lines, layout_loops_ring, minmay_tetromino_o2
D:2:      minmay_general_purpose_star, layout_basic,
          ebering_ecumenical_altar_petrified, minivault_4, uniq_sigmund,
          uniq_terence
D:3:      layout_loops_cross, hangedman_decor_push, kennysheep_flooded_box,
          kennysheep_doodads, nrook_campfire

Skill      XL: |  1  2  3 |
---------------+----------+-----
Crossbows      | 5 6 |  6.3
Fighting       | |  2.4
Polearms       | |  0.1
Dodging        | |  2.1
Stealth        | |  0.7

Action                   |  1- 3 |  4- 6 || total
-------------------------+-------+-------++-------
Melee: Short sword       |    65 |       ||    65
       Headbutt          |    13 |     1 ||    14
       Halberd           |       |    11 ||    11
 Fire: Hand crossbow     |    14 |     3 ||    17
Armor: Leather armour    |    37 |     9 ||    46
Dodge: Dodged            |    46 |    21 ||    67
